[Event "*** Titled Tuesday Blitz"]
[Site "Chess.com"]
[Date "2020.05.05"]
[Round "7"]
[White "CrushingKings"]
[Black "oskariot"]
[Result "1-0"]
[WhiteElo "2469"]
[BlackElo "2604"]
[TimeControl "180+1"]
[EndTime "11:20:09 PDT"]
[Termination "CrushingKings won by resignation"]

1. e4 c5 2. d4 cxd4 3. c3 d3 4.
Bxd3 Nc6 5. c4 g6 6. Nf3 Bg7 7. h3 d6 8. O-O Nf6 9. Nc3 O-O 10. Be3 Bd7 11. Rc1 Rc8 12. b3 a6 13. Qe2 Re8 14.
Rfd1 Qc7 15. Bb1 Qb8 16. c5 dxc5 17. Bxc5 Ne5 18. Nxe5 Qxe5 19. Bd4 Qa5 20. e5 Nh5 21. Qe3 f5 22. Bb6 Qxe5 23. Qxe5 Bxe5 24. Rxd7 Bxc3 25. Rxb7 Nf4 26. Kf1 Bd4 27. Rxc8 Rxc8 28. Rc7 Rd8 29. Bxd4 Rxd4 30. Rc1 Kf7 31. g3 Nd5 32. Ke2 Kf6 33. Bd3 Nb4 34. Rc4 Rxc4 35. Bxc4 Nxa2 36. Bxa6 Ke5 37.
Bc4 Kd4 38. Bg8 h6 39. Bh7 Nc1+ 40. Kf3 Nxb3 41. Bxg6 Ke5 42. Bf7 e6 43. Ke3 Na5 44. f4+ Kf6 45. Be8 Nc4+ 46. Kd3 Nd6 47. Bc6 Nf7 48.
Ke3 Nd6 49. Kd3 Nc8 50. Kd4 Ne7 51.
Bf3 Ng6 52. Ke3 Nf8 53. Kd4 Nh7 54. Ke3 Nf8 55. Kd4 Nd7 56. Bc6 Nb6 57. Bf3 Ke7 58. Kc5 Nd7+ 59. Kd4 Kd6 60. g4 Nf6 61. g5 Ng8 62. h4 hxg5 63. hxg5 Ke7 64. Bh5 Kd6 65. Bf7 e5+ 66. fxe5+ Ke7 67. Bxg8 f4 68. Ke4 1-0

[Event "*** Titled Tuesday Blitz"]
[Site "Chess.com"]
[Date "2020.05.05"]
[Round "7"]
[White "Filip_Covic"]
[Black "Lupul_Cenusiu"]
[Result "1-0"]
[WhiteElo "2369"]
[BlackElo "2490"]
[TimeControl "180+1"]
[EndTime "11:20:10 PDT"]
[Termination "Filip_Covic won on time"]

1. d4 Nf6 2. c4 e6 3. Nf3 c5 4. d5 exd5 5. cxd5 a6 6. a4 Bd6 7. Nc3 O-O 8. Bg5 Re8 9. e3 Bc7 10. Bd3 d6 11. h3 Nbd7 12. O-O h6 13. Bh4 Ba5 14. Qc2 Qc7 15. Bc4 Bb4 16. Rfe1 b6 17.
e4 Bb7 18. Rad1 Rac8 19. Bg3 Qb8 20. Qd3 Qa8 21. Bxd6 Rcd8 22. e5 Bxc3 23. bxc3 b5 24. axb5 axb5 25. Bxb5 Nxd5 26. Bc4 N5b6 27. Bb5 Bc6 28.
Bxc6 Qxc6 29. Qe3 Nc4 30. Qf4 Nxd6 31. Rxd6 Qc7 32. Red1 Nf8 33. Qf5 Ne6 34. Rxd8 Rxd8 35. Rxd8+ Qxd8 36. Qe4 Qd1+ 37. Kh2 Qc1 38. c4 Qc3 39. g3 g6 40. Kg2 Qb2 41. Qd5 Kg7 42. h4 Qe2 43. Nh2 Qc2 44. Ng4 Qf5 45. Ne3 Qb1 46. Qd6 Qe4+ 47. Kh2 Qd4 48. Qd5 Qb2 49.
Kg2 Qb8 50. Ng4 Qb1 51. Nf6 Qf5 52. Ne8+ Kf8 53. Nd6 Qc2 54. Qa8+ Kg7 55. Qf3 Nd8 56. Ne8+ Kf8 57. Nf6 Qxc4 58. Nd7+ Ke7 59. Nb6 Qe6 60.
Nd5+ Kf8 61. Nf4 Qxe5 62. Nxg6+ Ke8 63. Nxe5 f5 64. Qxf5 Ke7 65. Qd7+ 1-0

[Event "*** Titled Tuesday Blitz"]
[Site "Chess.com"]
[Date "2020.05.05"]
[Round "7"]
[White "Batsai"]
[Black "Fh2411"]
[Result "0-1"]
[WhiteElo "2277"]
[BlackElo "2463"]
[TimeControl "180+1"]
[EndTime "11:20:11 PDT"]
[Termination "Fh2411 won by checkmate"]

1. d4 d5 2. c4 c6 3. Nc3 Nf6 4.
Nf3 dxc4 5. a4 Bf5 6. e3 e6 7. Bxc4 Bb4 8. O-O Nbd7 9. Qe2 Bg6 10. Rd1 O-O 11. Na2 Bd6 12. Nc3 Qe7 13. h3 a5 14. e4 e5 15. Bg5 Rfe8 16. d5 Bb4 17.
Nh4 Bxc3 18. d6 Qd8 19. Nxg6 hxg6 20. bxc3 Nf8 21. Rab1 Qd7 22. Qf3 N6h7 23. Be3 Ne6 24. Ba2 b5 25. axb5 cxb5 26. Rd5 Rab8 27. Qe2 b4 28. cxb4 axb4 29. Bc4 Nf6 30. Bb5 Rxb5 31. Qxb5 Rd8 32. Qxd7 Rxd7 33. Rd2 Nxe4 34. Rd5 Nc3 35. Rdd1 Nxb1 36. Rxb1 Rxd6 37. Rxb4 f6 38. Kh2 Rd3 39. Rb8+ Kf7 40. Rb7+ Kg8 41. Re7 Nd4 42. Rd7 Kh7 43.
Re7 g5 44. Bc1 Kg6 45. Ba3 Rxa3 46. Rc7 Rd3 47. g4 Rd2 48. h4 Rxf2+ 49. Kg1 Rf3 50. h5+ Kh7 51. Rc8 Rf4 52. Kg2 Rxg4+ 53. Kh3 Rf4 54.
Kg3 Rh4 55. h6 Nf5+ 56. Kf3 Rxh6 57. Kg4 Nd4 58. Kg3 Rh4 59. Kg2 Kg6 60. Kg3 Rf4 61. Kg2 Nf5 62. Kh3 e4 63. Kg2 e3 64. Re8 Rf2+ 65.
Kg1 g4 66. Re4 Kg5 67. Kh1 g3 68. Kg1 e2 69. Re3 Nxe3 70. Kh1 e1=Q# 0-1

[Event "*** Titled Tuesday Blitz"]
[Site "Chess.com"]
[Date "2020.05.05"]
[Round "7"]
[White "EfrenRamos1"]
[Black "annacramling"]
[Result "1-0"]
[WhiteElo "2176"]
[BlackElo "1923"]
[TimeControl "180+1"]
[EndTime "11:20:11 PDT"]
[Termination "EfrenRamos1 won by checkmate"]

1. d4 Nf6 2. Bg5 d5 3. Nc3 e6 4. e3 Be7 5. Bd3 Nbd7 6. Nf3 c5 7. O-O O-O 8. Ne5 c4 9. Be2 Nxe5 10. dxe5 Nd7 11.
Bxe7 Qxe7 12. f4 a6 13. a4 Nc5 14. Qd4 b6 15. Bf3 Bb7 16. Kh1 f6 17. exf6 Qxf6 18. a5 Qxd4 19. exd4 Nd7 20. axb6 Nxb6 21. g3 Rae8 22.
Rae1 Nc8 23. Re5 Nd6 24. Rfe1 Bc8 25. Kg2 Bd7 26. h3 Nf5 27. Ne2 Ne7 28. g4 Nc6 29. Re3 g6 30. b3 cxb3 31. Rxb3 Rb8 32. Reb1 Rxb3 33. Rxb3 Rb8 34. Rxb8+ Nxb8 35. Kf2 Nc6 36. Ke3 Kf7 37. Nc3 Kf6 38. Na4 Nb4 39. Nc5 Bb5 40. c3 Nc2+ 41. Kd2 Na3 42. Be2 Nc4+ 43. Bxc4 Bxc4 44.
Nd7+ Ke7 45. Ne5 Kd6 46. g5 a5 47. h4 a4 48. Kc2 a3 49. Ng4 a2 50. Kb2 Ke7 51. Nf6 Kd6 52. Nxh7 Ke7 53. Nf6 Kd6 54. Ng4 Ke7 55. Ne5 Kf8 56. Nxc4 dxc4 57. Kxa2 Ke7 58. Ka3 Kd6 59. Kb4 Kd5 60. Kb5 Ke4 61.
Kxc4 Kxf4 62. d5 Ke5 63. dxe6 Kxe6 64. Kc5 Kf5 65. c4 Kg4 66. Kd6 Kxh4 67. c5 Kxg5 68. c6 Kf4 69. c7 g5 70. c8=Q g4 71. Qf8+ Kg3 72. Ke5 Kh2 73. Qf4+ g3 74. Ke4 Kh3 75. Kf3 g2 76. Qg3# 1-0

[Event "*** Titled Tuesday Blitz"]
[Site "Chess.com"]
[Date "2020.05.05"]
[Round "7"]
[White "viktorskliarov"]
[Black "GMNeiksans"]
[Result "1/2-1/2"]
[WhiteElo "2581"]
[BlackElo "2760"]
[TimeControl "180+1"]
[EndTime "11:20:12 PDT"]
[Termination "Game drawn - insufficient material"]

1. e4 c5 2. Nf3 e6 3. d4 cxd4 4.
Nxd4 Nc6 5. Nc3 Qc7 6. Be2 a6 7. O-O Nf6 8. Be3 Bb4 9. Na4 Be7 10. Nxc6 bxc6 11. Nb6 Rb8 12. Nxc8 Qxc8 13. e5 Nd5 14.
Bd4 c5 15. c4 Nf4 16. Bc3 O-O 17. Bf3 Qc7 18. Qa4 Ng6 19. Rfe1 f6 20. Rad1 Rbd8 21.
Ba5 Qc8 22. Bxd8 Rxd8 23. exf6 Bxf6 24. Rd6 Qc7 25. Rxa6 Bd4 26. Ra8 Ne5 27. Rxd8+ Qxd8 28. Qa8 Qxa8 29. Bxa8 Nd3 30. Re2 Nxb2 31. Rc2 Kf8 32. Kf1 Ke7 33. Ke2 Kd6 34. Be4 h6 35. f4 Kc7 36. g4 Kb6 37. h4 Ka5 38. f5 exf5 39.
Bxf5 d6 40. Be6 Kb4 41. Bd5 Ka3 42. Kf3 Kxa2 43. Re2 Kb3 44. Re6 Nxc4 45. Rxd6 Kb4 46. Bxc4 Kxc4 47. Ke4 Bf6 48. g5 hxg5 49. h5 Bd4 50.
Rg6 Bb2 51. Rxg5 Kb4 52. Kd3 Bf6 53. Rf5 c4+ 54. Kc2 Bd4 55. Rf4 Kc5 56. Rf5+ Kd6 57.
Rf4 Ke5 58. Rg4 Kd5 59. Kd2 Bf6 60. Kc2 c3 61. Kd3 Ke6 62. Rc4 Kf5 63. Rc5+ Kg4 64.
Kc2 Bg5 65. Rxc3 Kxh5 66. Rc7 Bf6 67. Rxg7 Bxg7 1/2-1/2

[Event "*** Titled Tuesday Blitz"]
[Site "Chess.com"]
[Date "2020.05.05"]
[Round "7"]
[White "bolence16"]
[Black "Justinz"]
[Result "1-0"]
[WhiteElo "2170"]
[BlackElo "2324"]
[TimeControl "180+1"]
[EndTime "11:20:12 PDT"]
[Termination "bolence16 won by checkmate"]

1. e4 c5 2. Nf3 d6 3. b4 cxb4 4.
d4 Nf6 5. Bd3 e6 6. O-O Be7 7. a3 bxa3 8. Nxa3 O-O 9. Re1 a6 10.
c4 Re8 11. Bb2 Bf8 12. h3 Nc6 13. e5 dxe5 14. dxe5 Nd7 15. Qe2 Nc5 16. Bc2 Rb8 17. Rad1 Qe7 18. Nd4 Nxd4 19. Rxd4 Rd8 20. Red1 Rxd4 21.
Rxd4 Bd7 22. Nb1 Bc6 23. Ba3 h6 24. Nc3 Qc7 25. Ne4 Qxe5 26. Bb2 Nxe4 27. Bxe4 Bxe4 28.
Rxe4 Qf5 29. Rg4 Rd8 30. Bd4 h5 31. Re4 f6 32. Kh2 e5 33. Bc3 Bc5 34. f3 g5 35.
h4 gxh4 36. Rxh4 Kf7 37. Qe4 Qxe4 38. fxe4 Kg6 39. Rh3 Rd1 40. Rg3+ Kf7 41. Rf3 Ke6 42.
g4 hxg4 43. Rg3 Bd4 44. Bb4 Rb1 45. Bf8 Rb2+ 46. Kh1 Rc2 47. Rxg4 Rxc4 48. Rh4 Be3 49. Rh3 Bf4 50. Rb3 b5 51. Kg2 Rxe4 52. Ra3 Kf5 53. Rxa6 b4 54. Bg7 Bd2 55. Rxf6+ Kg5 56. Rb6 Bc3 57.
Rb5 Kf5 58. Kf3 Rc4 59. Ke3 Rh4 60. Kd3 Rh3+ 61. Kc2 Kf4 62. Bf6 e4 63. Bxc3 bxc3 64. Rd5 e3 65. Rd8 e2 66. Rf8+ Ke3 67. Re8+ Kf2 68.
Rf8+ Ke1 69. Rf7 Rh2 70. Ra7 Rf2 71. Ra1# 1-0

[Event "*** Titled Tuesday Blitz"]
[Site "Chess.com"]
[Date "2020.05.05"]
[Round "7"]
[White "mikolka1985"]
[Black "Zkid"]
[Result "0-1"]
[WhiteElo "2599"]
[BlackElo "2830"]
[TimeControl "180+1"]
[EndTime "11:20:14 PDT"]
[Termination "Zkid won on time"]

1. d4 d5 2. c4 dxc4 3. Nf3 Nf6 4.
e3 e6 5. Bxc4 c5 6. O-O Nc6 7.
Nc3 a6 8. dxc5 Qxd1 9. Rxd1 Bxc5 10. Nd2 O-O 11. Nb3 Be7 12. f3 Bd7 13. e4 Rac8 14. Be3 Nb4 15. Bd3 Rfd8 16. Bb6 Re8 17.
Bf1 Bd8 18. Bxd8 Rexd8 19. Rd2 Be8 20. Rad1 Rxd2 21. Rxd2 Kf8 22. Na5 b6 23. Nc4 Rb8 24. Nd6 a5 25. a3 Nc6 26. Bb5 Bd7 27. Nc4 Ke7 28. Rxd7+ Nxd7 29. Bxc6 Nc5 30. Bb5 Nb3 31. Ne5 Nd4 32. Nc6+ Nxc6 33. Bxc6 Rd8 34. Bb5 Rd2 35. b3 Rc2 36. Ne2 Kd6 37. a4 Kc5 38. Kf2 Rb2 39. Bc4 b5 40. Bxb5 Rxb3 41. g3 e5 42. Ke1 Rxf3 43. Kd2 Rf2 44. h4 Rf3 45. Kc2 g6 46. Kd2 f6 47. Kc2 g5 48. hxg5 fxg5 49.
g4 Re3 50. Nc3 Kd4 51. Ne2+ Kc5 52. Nc3 Rg3 53. Bd7 Kc4 54. Be6+ Kb4 55. Nd5+ Kxa4 56. Ne7 Kb5 57. Bd7+ Kc5 58. Bf5 a4 59. Nd5 a3 60.
Kb1 Rg2 61. Ka1 h6 62. Be6 Rh2 63. Bf5 Kd4 64. Nb4 h5 0-1

[Event "*** Titled Tuesday Blitz"]
[Site "Chess.com"]
[Date "2020.05.05"]
[Round "7"]
[White "ama18"]
[Black "Dinamo81"]
[Result "0-1"]
[WhiteElo "2493"]
[BlackElo "2645"]
[TimeControl "180+1"]
[EndTime "11:20:14 PDT"]
[Termination "Dinamo81 won on time"]

1. e4 e6 2. d4 d5 3. Nc3 Bb4 4. Qd3 dxe4 5. Qxe4 Nf6 6. Qh4 Nc6 7. Nf3 Ne7 8. Qg5 O-O 9. Bd2 Nf5 10. Qf4 Bd6 11. Ne5 c5 12. dxc5 Bxc5 13. O-O-O Qd4 14.
Nd3 Be7 15. Qxd4 Nxd4 16. Be3 Nf5 17. Bc5 Bd7 18. Bxe7 Nxe7 19. Ne5 Rfd8 20. Nxd7 Nxd7 21. Bb5 Nf6 22. f3 a6 23. Bc4 Nf5 24. Bd3 Ne3 25. Rd2 Kf8 26. Re1 Ned5 27. Nxd5 Rxd5 28. Bc4 Rxd2 29. Kxd2 Ke7 30. Ke2 Rc8 31. Bb3 g5 32.
Rd1 Nd7 33. c3 Ne5 34. Rd4 Rc7 35. Bc2 h6 36. h4 Nc4 37. hxg5 hxg5 38. b3 Nd6 39.
Kd2 f5 40. c4 a5 41. Rd3 Rc5 42. Re3 Kf6 43. Re1 b5 44. cxb5 Nxb5 45. Bd3 Nd4 46.
Bc4 e5 47. Rh1 g4 48. Rh6+ Kg5 49. Rh8 gxf3 50. gxf3 Kf4 51. Kc3 Nxf3 52. a3 e4 53. b4 axb4+ 54. axb4 Rc7 55. b5 Ne5 56. b6 Rxc4+ 57.
Kb3 Rc6 0-1

[Event "*** Titled Tuesday Blitz"]
[Site "Chess.com"]
[Date "2020.05.05"]
[Round "7"]
[White "vinniethepooh"]
[Black "Nbk90"]
[Result "1-0"]
[WhiteElo "2672"]
[BlackElo "2498"]
[TimeControl "180+1"]
[EndTime "11:20:15 PDT"]
[Termination "vinniethepooh won by resignation"]

1. d4 f5 2. g3 e6 3. Bg2 Nf6 4.
Nf3 d5 5. O-O c6 6. b3 Bd6 7. c4 Qe7 8. Bb2 O-O 9. Qc1 b6 10. a4 a5 11. Ba3 Bb7 12. Bxd6 Qxd6 13. Qa3 Qxa3 14. Nxa3 Nbd7 15. Rac1 h6 16. Rfd1 Rfc8 17.
h4 Kf8 18. e3 Ke7 19. Nc2 dxc4 20. bxc4 c5 21. Na3 cxd4 22. exd4 Ne4 23. Nb5 g5 24. hxg5 hxg5 25. Nxg5 Ndf6 26. Nxe4 Bxe4 27. f3 Bc6 28. Nc3 Bb7 29. Nb5 Rg8 30. Kf2 Rg7 31.
d5 exd5 32. cxd5 Bxd5 33. Rc7+ Kf8 34. Rxg7 Kxg7 35. Nc7 Rd8 36. Ne6+ Bxe6 37. Rxd8 Bd7 38. Rb8 Bxa4 39. Rxb6 Bd7 40. Ra6 a4 41. Bf1 Kf7 42.
Bc4+ Ke7 43. Ke3 Ne8 44. Kf4 Nc7 45. Ra7 Kd6 46. g4 fxg4 47. fxg4 Be8 48. g5 Nd5+ 49.
Bxd5 Kxd5 50. Kf5 Kc4 51. Re7 Bh5 52. Rh7 Bd1 53. Rc7+ Kb3 54. g6 Bc2+ 55. Rxc2 Kxc2 56. g7 a3 57. g8=Q a2 58. Qxa2+ 1-0

[Event "*** Titled Tuesday Blitz"]
[Site "Chess.com"]
[Date "2020.05.05"]
[Round "7"]
[White "ajdemipopushi"]
[Black "kakakz"]
[Result "1/2-1/2"]
[WhiteElo "2284"]
[BlackElo "2427"]
[TimeControl "180+1"]
[EndTime "11:20:17 PDT"]
[Termination "Game drawn by stalemate"]

1. Nf3 Nf6 2. g3 g6 3. Bg2 Bg7 4. c4 c5 5. O-O O-O 6. d4 cxd4 7. Nxd4 Nc6 8. Nc3 Ng4 9. e3 Nge5 10. b3 d6 11. Bb2 Na5 12. h3 a6 13. Qd2 Bd7 14. Rab1 Rb8 15. Nd5 b5 16. cxb5 axb5 17. Nxe7+ Qxe7 18. Qxa5 Nd3 19. Ba1 b4 20. Rbd1 Nc5 21. Nc6 Bxc6 22.
Bxc6 Bxa1 23. Rxa1 Rfc8 24. Bd5 Rc7 25. a3 Ra7 26. Qxa7 Qxa7 27. axb4 Qb6 28. bxc5 dxc5 29. Rad1 Rd8 30. h4 Kg7 31. Bc4 h5 32. Rxd8 Qxd8 33. Ra1 Qd2 34. Ra7 Kf6 35. Rxf7+ Ke5 36. Rf4 Qe1+ 37. Kg2 Qa1 38. Bf7 Qa8+ 39. Kh2 Qc6 40. Bc4 Qb7 41. Bd3 Qc6 42. Bc4 Qa8 43. Be2 Qc6 44. b4 cxb4 45. Rxb4 Qc2 46. Rb5+ Kf6 47.
Rb6+ Kg7 48. Bf3 Qxf2+ 49. Bg2 Qxe3 50. Rb7+ Kh6 51. Rd7 Qe6 52. Rd5 Qe2 53. Rg5 Kg7 54. Kh3 Kf6 55. Kh2 Qe1 56. Rd5 Qe2 57. Rd4 Qf2 58. Rf4+ Qxf4 59. gxf4 Kf5 60. Kg3 Kf6 61. Be4 Kf7 62. Kf3 Kf6 63. Ke3 Ke6 64. Kd4 Kf6 65. Kd5 Kf7 66. Ke5 Kg7 67. Ke6 Kh6 68. Kf6 Kh7 69. Bxg6+ Kh6 70. Be4 1/2-1/2

[Event "*** Titled Tuesday Blitz"]
[Site "Chess.com"]
[Date "2020.05.05"]
[Round "7"]
[White "Skatchkov_V"]
[Black "NodariousBIG"]
[Result "0-1"]
[WhiteElo "2555"]
[BlackElo "2716"]
[TimeControl "180+1"]
[EndTime "11:20:19 PDT"]
[Termination "NodariousBIG won on time"]

1. d4 e6 2. c4 b6 3. Nf3 Bb7 4. g3 f5 5. Bg2 Nf6 6. O-O a5 7. Nc3 Bb4 8. d5 Bxc3 9. bxc3 Na6 10. Nd4 O-O 11. dxe6 Bxg2 12. Kxg2 Ne4 13. f3 Nd6 14. Qd3 Nc5 15. Qe3 Nxc4 16. Qf4 g5 17. Qxg5+ Qxg5 18. Bxg5 dxe6 19. Kf2 e5 20. Nc6 h6 21. Be7 Rfe8 22.
Rfd1 Ra6 23. Rd5 Na4 24. Rd7 b5 25. Rxc7 Nxc3 26. Bc5 Nd5 27. Rd7 Nf6 28. Rc7 Nd5 29.
Rd7 Rxc6 30. Rxd5 Kf7 31. Rad1 Ke6 32. Be3 Rb8 33. Bxh6 Rh8 34. Bc1 Rxh2+ 35. Kg1 Rxe2 36. Rxb5 Rxa2 37. Bg5 e4 38. fxe4 fxe4 39. Re1 Nd6 40. Rb3 Rcc2 41. Bf4 Rg2+ 42. Kh1 Rh2+ 43. Kg1 Rag2+ 44.
Kf1 Nc4 45. Rxe4+ Kd5 46. Re1 Ra2 47. Rd3+ Kc5 48. Kg1 Rhg2+ 49. Kh1 Rh2+ 50. Kg1 Rhb2 51. Rc1 Kb4 52. Rd4 Rg2+ 53. Kf1 Raf2+ 54. Ke1 Re2+ 55. Kd1 Kb3 56. Rdxc4 Rb2 57. R4c3+ Ka2 58. Be3 Rh2 59. Bg1 Rh1 60. Ra1+ Kxa1 61. Ra3+ Kb1 0-1

[Event "*** Titled Tuesday Blitz"]
[Site "Chess.com"]
[Date "2020.05.05"]
[Round "7"]
[White "DrVelja"]
[Black "RubensCezila"]
[Result "1-0"]
[WhiteElo "2649"]
[BlackElo "2483"]
[TimeControl "180+1"]
[EndTime "11:20:20 PDT"]
[Termination "DrVelja won by resignation"]

1. e4 c6 2. d4 d5 3. e5 Bf5 4.
Bd3 Bxd3 5. Qxd3 e6 6. Nf3 c5 7. c3 Nc6 8. O-O Qb6 9. Rd1 Rc8 10. Qe2 cxd4 11. cxd4 Na5 12. Nc3 Nc4 13. b3 Na3 14. Bb2 Nh6 15. Rac1 Rc6 16. Na4 Qb5 17. Qd2 Bb4 18.
Rxc6 bxc6 19. Qc1 Nc4 20. Bc3 Ba3 21. Qg5 O-O 22. Nc5 Bxc5 23. dxc5 Na5 24. Nd4 Qxc5 25. Qd2 Nb7 26. Bb4 Qb6 27. Bxf8 Kxf8 28. Rc1 c5 29.
Nf3 Nf5 30. Qd3 Kg8 31. h3 h6 32. Rc2 Na5 33. Qc3 Nb7 34. Kh2 Ne7 35. Qd2 Nc6 36. Qe3 Qc7 37. Kg1 Qe7 38. h4 Nb4 39. Re2 d4 40.
Qe4 Nd5 41. Rc2 Nb4 42. Rd2 Nd5 43. Ne1 Qc7 44. Nd3 Nc3 45. Qf3 Nd8 46. Rc2 Kh7 47. h5 Nc6 48. Qf4 Nd5 49. Qe4+ Kg8 50. Rxc5 Qd7 51.
f4 Ncb4 52. Nxb4 Nxb4 53. Qa8+ Kh7 54. Qe4+ Kg8 55. Rc4 Nd5 56. Qxd4 Qe7 57. Rc8+ Kh7 58. Qd3+ g6 59. hxg6+ fxg6 60. Qc4 Qh4 61. Qe4 Qxf4 62. Qxf4 Nxf4 63. Rc7+ Kg8 64. Rxa7 Nd3 65. a4 Nxe5 66. a5 1-0

[Event "*** Titled Tuesday Blitz"]
[Site "Chess.com"]
[Date "2020.05.05"]
[Round "7"]
[White "KaterynaLagno"]
[Black "Macron20hTF1"]
[Result "0-1"]
[WhiteElo "2600"]
[BlackElo "2396"]
[TimeControl "180+1"]
[EndTime "11:20:21 PDT"]
[Termination "Macron20hTF1 won by resignation"]

1. e4 g6 2. d4 Bg7 3. Nc3 d6 4. Be3 a6 5. Nf3 b5 6. Qd2 Nd7 7. a4 b4 8. Nd5 a5 9. Bb5 Bb7 10.
Nf4 Bxe4 11. O-O Bxf3 12. gxf3 Nf6 13. c3 bxc3 14. Qxc3 O-O 15. Nd3 Nd5 16. Qc6 N7b6 17. Rac1 e6 18. f4 Qh4 19. Rfe1 Qg4+ 20. Kf1 Qh3+ 21.
Kg1 Bf6 22. Qc2 Kh8 23. Qe2 Rg8 24. Qf1 Qf5 25. Kh1 g5 26. fxg5 Bxg5 27. Bxg5 Rxg5 28. f3 Rag8 29. Rc2 Nf4 30. Nxf4 Qxf4 31. Qd3 Nd5 32. Qe4 Qf6 33. Bd3 R8g7 34. b4 Nxb4 35. Rxc7 Nxd3 36. Rc8+ Rg8 37. Rxg8+ Rxg8 38. Qxd3 Qh4 39. Qe3 Qh3 40. Qe2 Rg6 41. d5 e5 42. Rb1 Kg7 43. Qf2 Qf5 44.
Rf1 h5 45. Qh4 Qd3 46. Qf2 Qxd5 47. Qc2 Qe6 48. Qc3 Qh3 49. Rf2 Qh4 50. Qe3 Qf4 51.
Qc3 Rf6 52. Rg2+ Rg6 53. Rxg6+ fxg6 54. Qc7+ Kh6 55. Qxd6 Qxf3+ 56. Kg1 Qe3+ 57. Kg2 Qe2+ 58. Kg1 Qg4+ 59. Kf1 Qf4+ 60. Ke2 Qe4+ 61. Kf1 Qf5+ 62.
Ke1 Qb1+ 63. Ke2 Qa2+ 64. Ke3 Qb3+ 65. Ke2 Qxa4 66. Qf8+ Kg5 67. Qe7+ Kf5 68. Qf7+ Kg5 69. Qe7+ Kg4 70. Qe6+ Kh4 71. Qf6+ Kh3 72. Qf3+ Kxh2 73. Qf2+ Kh3 74. Qf3+ Kh4 75. Qf2+ Kg5 76. Qg3+ Qg4+ 77.
Qxg4+ Kxg4 0-1

[Event "*** Titled Tuesday Blitz"]
[Site "Chess.com"]
[Date "2020.05.05"]
[Round "7"]
[White "Vamostodorecto"]
[Black "GuerrieroFromLevant"]
[Result "1/2-1/2"]
[WhiteElo "2519"]
[BlackElo "2378"]
[TimeControl "180+1"]
[EndTime "11:20:21 PDT"]
[Termination "Game drawn - insufficient material"]

1. d4 d5 2. c4 e6 3. Nc3 c5 4. cxd5 exd5 5. Nf3 Nc6 6. dxc5 d4 7. Na4 Bxc5 8. Nxc5 Qa5+ 9. Qd2 Qxc5 10. a3 Qb6 11. b4 Bg4 12. Bb2 Bxf3 13. gxf3 Nf6 14. Bh3 a5 15. Rg1 axb4 16. Rxg7 bxa3 17. Bxa3 Rxa3 18.
Rxa3 Qb1+ 19. Qd1 Qb4+ 20. Kf1 Qxa3 21. Qb1 Qb4 22. Qf5 Ke7 23. Qe6+ Kd8 24. Rxf7 Qb1+ 25. Kg2 Rg8+ 26. Bg4 Rxg4+ 27. fxg4 Qe4+ 28. Qxe4 Nxe4 29. Rxb7 Ne7 30. Rb4 Nc6 31. Rb7 Ne7 32. Rb8+ Kc7 33. Rh8 Ng5 34. h4 Ng6 35. Rg8 Ne4 36. Rg7+ Kd6 37. Rxh7 Ke5 38. h5 Nf4+ 39. Kf1 Nf6 40. Re7+ Kd6 41. Ra7 Nxg4 42. h6 Ne5 43. h7 Nfg6 44.
Ra6+ Kd5 45. Ra8 Nf7 46. Rg8 Ngh8 47. Kg2 Ke4 48. Kg3 Kf5 49. Kf3 Ne5+ 50. Kg3 Neg6 51.
Kf3 Nf7 52. e4+ dxe3 53. fxe3 Ng5+ 54. Ke2 Nxh7 55. Kd3 Ne5+ 56. Kd4 Nf6 57. Ra8 Nc6+ 58. Kc5 Ne5 59. Kd4 Nc6+ 60. Kd3 Ne5+ 61. Ke2 Ne4 62. Ra5 Nc3+ 63. Kd2 Ne4+ 64. Ke2 Ng3+ 65. Kf2 Ne4+ 66.
Kg2 Nd6 67. Ra8 Ke4 68. Kf2 Nf5 69. Re8 Kd5 70. Rd8+ Ke4 71. Re8 Nxe3 72. Rxe5+ Kxe5 1/2-1/2

[Event "*** Titled Tuesday Blitz"]
[Site "Chess.com"]
[Date "2020.05.05"]
[Round "7"]
[White "regular_legs"]
[Black "abhidabhi"]
[Result "1-0"]
[WhiteElo "2618"]
[BlackElo "2758"]
[TimeControl "180+1"]
[EndTime "11:20:22 PDT"]
[Termination "regular_legs won by resignation"]

1. d4 Nf6 2. c4 g6 3. f3 Nc6 4. d5 Ne5 5. e4 d6 6. Nc3 Bg7 7.
f4 Ned7 8. Nh3 O-O 9. Nf2 c6 10.
Be2 cxd5 11. cxd5 a6 12. O-O b5 13. Be3 Bb7 14. Qd2 Re8 15. Bf3 Nb6 16. b3 Nfd7 17.
Rac1 Nc5 18. Ne2 Rc8 19. Nd4 e5 20. dxe6 fxe6 21. Rfd1 Qe7 22. Ne2 Red8 23. Bd4 e5 24.
fxe5 Bxe5 25. Ng4 Nbd7 26. Bxe5 Nxe5 27. Nxe5 Qxe5 28. b4 Nxe4 29. Rxc8 Rxc8 30. Qe3 d5 31. Nd4 Rc3 32. Rd3 Rc4 33. a3 Qf6 34. Rd1 Rc3 35. Rd3 Rxd3 36. Qxd3 Qb6 37. Qe3 Qc7 38. h3 Qc3 39.
Qxc3 Nxc3 40. Kf2 Nb1 41. Nc2 Kf7 42. Ke3 Kf6 43. Kd4 Ke6 44. Bg4+ Kd6 45. Bf3 Bc6 46.
Kd3 Bd7 47. Kd4 Bf5 48. Ne3 Nxa3 49. Bxd5 Be6 50. Bb7 Nc4 51. Nxc4+ Bxc4 52. Bxa6 Kc7 53. Kc5 Bf1 54. g3 Bxh3 55. Bxb5 h5 56. Bd3 Bf5 57.
Bxf5 gxf5 58. Kd5 Kb6 59. Ke5 1-0

[Event "*** Titled Tuesday Blitz"]
[Site "Chess.com"]
[Date "2020.05.05"]
[Round "7"]
[White "woodhy"]
[Black "Stewie_89"]
[Result "0-1"]
[WhiteElo "2422"]
[BlackElo "2638"]
[TimeControl "180+1"]
[EndTime "11:20:22 PDT"]
[Termination "Stewie_89 won by resignation"]

1. e4 Nf6 2. Nc3 d5 3. exd5 Nxd5 4. Nf3 Nxc3 5. bxc3 g6 6. Bc4 Bg7 7. O-O O-O 8. d4 Nd7 9. Re1 e6 10. Rb1 b6 11. Ba3 Re8 12. Qe2 Bb7 13. Rbd1 Nf6 14. Bb5 c6 15. Bd3 Nd5 16. Qd2 b5 17. Bc5 Qc7 18.
Ne5 Nb6 19. Rb1 Rad8 20. f4 a6 21. Be4 Na4 22. Nd3 a5 23. a3 Ba8 24. Rb3 f5 25. Bf3 Nxc5 26. Nxc5 e5 27. fxe5 Bxe5 28. h3 Bh2+ 29. Kf1 Bf4 30. Rxe8+ Rxe8 31. Qd3 Qe7 32. Rb1 Bg3 33. Bd5+ cxd5 34. Qxg3 Qe2+ 35. Kg1 Qxc2 36. Qd3 Qxd3 37. Nxd3 Re3 38. Nf4 Bc6 39.
Rc1 g5 40. Nh5 Kf7 41. Kf2 f4 42. g3 Kg6 43. gxf4 Rxh3 44. Ng3 gxf4 45. Ne2 Kf5 46.
Kg2 Re3 47. Kf2 Be8 48. Rh1 h5 49. Ng1 Rd3 50. Rh3 Rxh3 51. Nxh3 Kg4 52. Ng1 h4 53. Nf3 h3 54. Ne5+ Kf5 55. Nf3 Ke4 56. Ng5+ Kd3 57. Nxh3 Kxc3 58. Nxf4 Kxd4 59. Ke2 b4 60. axb4 axb4 61.
Kd2 Bd7 62. Ne2+ Kc4 63. Nc1 d4 64. Kc2 Bf5+ 65. Kb2 d3 66. Nb3 Kd5 67. Nd2 Kd4 68. Kb3 Ke3 69. Nb1 Be6+ 70. Kxb4 Ba2 71. Nc3 d2 72.
Nd1+ Kd3 73. Nb2+ Kc2 74. Ka3 Be6 75. Nc4 Bxc4 76. Kb4 d1=Q 77. Kc5 Qd3 0-1

[Event "*** Titled Tuesday Blitz"]
[Site "Chess.com"]
[Date "2020.05.05"]
[Round "7"]
[White "SCIM"]
[Black "Angel_Hranitel_37"]
[Result "1-0"]
[WhiteElo "2531"]
[BlackElo "2374"]
[TimeControl "180+1"]
[EndTime "11:20:23 PDT"]
[Termination "SCIM won by checkmate"]

1. d4 Nf6 2. c4 g6 3. Nc3 Bg7 4. e4 d6 5. f3 O-O 6. Bg5 h6 7. Be3 c5 8. d5 a6 9. Qd2 Kh7 10. Bd3 e6 11. Rc1 exd5 12. cxd5 b5 13. b3 Bb7 14. Nge2 Nbd7 15. O-O Ne5 16. Bb1 c4 17. b4 Re8 18. Nd4 Rc8 19. h3 Qe7 20. Rce1 Nh5 21. f4 Nd3 22. Bxd3 cxd3 23. Rf3 Rxc3 24. Qxc3 Qxe4 25.
Bf2 Bxd4 26. Rxe4 Bxc3 27. Rxe8 Nxf4 28. Rxf4 d2 29. Rxf7+ Bg7 30. Ree7 d1=Q+ 31. Kh2 Bxd5 32. Rxg7+ Kh8 33. Rh7+ Kg8 34. Reg7+ Kf8 35. Ra7 Kg8 36. Rag7+ Kf8 37. Rc7 Kg8 38. Rhd7 Bf7 39. Rxf7 Qe2 40. Rg7+ Kf8 41. Rcf7+ Ke8 42. Re7+ Qxe7 43. Rxe7+ Kxe7 44.
Kg3 Ke6 45. Kf4 g5+ 46. Ke4 h5 47. g4 hxg4 48. hxg4 a5 49. bxa5 d5+ 50. Kd4 Kd6 51. a6 b4 52. a7 Kc6 53. a8=Q+ Kb5 54. Qb7+ Ka5 55. Qxd5+ Ka4 56. Qb3+ Ka5 57. Qd3 b3 58. Be1+ Kb6 59. Qxb3+ Kc6 60. Qd5+ Kb6 61. Qc5+ Ka6 62. Qd6+ Kb7 63. Qd5+ Ka6 64. Qxg5 Kb6 65. Qc5+ Kb7 66. Qb5+ Ka7 67. Qc6 Kb8 68. Qd7 Ka8 69. Kc5 Kb8 70. Kb6 Ka8 71. g5 Kb8 72. g6 Ka8 73. g7 Kb8 74.
Qc7+ Ka8 75. Qb7# 1-0

[Event "*** Titled Tuesday Blitz"]
[Site "Chess.com"]
[Date "2020.05.05"]
[Round "7"]
[White "CSB7"]
[Black "smshk35"]
[Result "1-0"]
[WhiteElo "2541"]
[BlackElo "2382"]
[TimeControl "180+1"]
[EndTime "11:20:26 PDT"]
[Termination "CSB7 won by checkmate"]

1. e4 c5 2. Nf3 Nc6 3. d4 cxd4 4. Nxd4 e5 5. Nb5 d6 6. c4 a6 7. N5c3 Be6 8. Bd3 Be7 9. O-O Bg5 10. Nd2 Nge7 11. Nd5 Nd4 12. Nb3 Bxc1 13. Rxc1 Nec6 14. Nxd4 Nxd4 15. Nc3 Rc8 16. Ne2 Nxe2+ 17. Qxe2 O-O 18. Rcd1 Qa5 19. b3 Rfd8 20. Rd2 Rc5 21. Rb1 Rcc8 22. h3 Rb8 23. Qe1 Rdc8 24. Rc2 Qxe1+ 25. Rxe1 b5 26.
Rec1 b4 27. Ra1 Rc5 28. a3 a5 29. Kf1 g6 30. Ke2 Kf8 31. Kd2 Rc7 32. axb4 Rxb4 33.
Kc3 Rcb7 34. Rb2 Ra7 35. Rba2 f5 36. Rxa5 Rxa5 37. Rxa5 Rb6 38. b4 f4 39. c5 dxc5 40. Rxc5 f3 41. g4 h5 42. gxh5 gxh5 43. Rxe5 Rc6+ 44.
Kd4 Rd6+ 45. Ke3 Bxh3 46. Rxh5 Bg2 47. b5 Rb6 48. Rc5 Ke7 49. Rc6 Rb7 50. e5 Ra7 51. b6 Ra1 52. Bc4 Re1+ 53. Kf4 Rb1 54. Rc7+ Kd8 55. Rc6 Kd7 56. Rd6+ Ke7 57. Re6+ Kd7 58.
Rf6 Rb4 59. b7 Rxc4+ 60. Kg3 Rb4 61. Rf8 Rxb7 62. Rf7+ Kc6 63. e6 Rxf7 64. exf7 Bf1 65. f8=Q Bc4 66. Qe7 Kb5 67. Kf4 Bd5 68. Ke3 Kc4 69.
Qe5 Bc6 70. Qd4+ Kb5 71. Qd6 Ka6 72. Kd4 Kb7 73. Kc5 Bb5 74. Qe7+ Ka6 75. Qc7 Bc4 76.
Qb6# 1-0